Map: Ephemeron LE

Players

ReenRush - Winner!

  • Race: Terran Terran
  • League: Bronze
  • Spawn Location: 5:00

Djorn

  • Race: Protoss Protoss
  • League: Bronze
  • Spawn Location: 11:00

VOD

Have the link to the VOD?

Description

Time

  • Played on: Aug. 25, 2019, 4:23 p.m.
  • Length: 9:30
Show
View Real Time Build Order
Export as new Build Order

ReenRush Terran - Winner!

Build Orders:  

Get SALT Encoding   

  12  0:12  Supply Depot  
  13  0:14  SCV  
  13  0:26  SCV  
  14  0:35  Supply Depot  
  14  0:43  Barracks  
  14  0:51  SCV  
  15  1:06  Barracks, SCV  
  16  1:15  Refinery  
  16  1:19  SCV  
  17  1:31  SCV  
  18  1:35  Marine  
  18  1:36  Barracks  
  19  1:46  SCV  
  20  1:53  Marine  
  21  2:10  Barracks Tech Lab  
  21  2:12  Marine  
  22  2:18  SCV  
  22  2:21  Engineering Bay  
  23  2:30  SCV, Marine  
  23  2:32  Marine  
  26  2:41  Refinery  
  26  2:42  SCV  
  26  2:43  Marine  
  28  2:48  Marine  
  28  2:50  Marine  
  30  2:55  Combat Shield  
  30  3:00  Marine  
  31  3:11  Orbital Command  
  31  3:18  Supply Depot  
  31  3:25  Barracks Reactor  
  31  3:38  Supply Depot  
  31  3:39  Marine  
  32  3:45  Factory  
  32  3:49  SCV  
  33  3:57  Barracks Reactor, Marine  
  32  4:43  Marine x4  
  32  4:44  Marine  
  36  5:01  Marine x5  
  37  5:19  Marine x5  
  40  5:36  Marine  
  40  5:37  Marine x4  
  44  5:45  Factory Tech Lab  
  44  5:49  Starport  
  44  5:54  Starport, Marine x3  
  44  5:55  Marine x2  
  48  6:12  Marine x4  
  48  6:13  Marine  
  48  6:15  Stimpack  
  52  6:30  Marine  
  52  7:52  Marine x3  
  52  7:55  Concussive Shells  
  55  8:00  Factory  
  55  8:03  Marine x2  
  57  8:14  Command Center  
  57  8:49  Marine x5  
  61  9:07  Marine x2  
  61  9:09  Marine  
  63  9:12  Marine  
Show
View Real Time Build Order
Export as new Build Order

Djorn Protoss 

Build Orders:  

Get SALT Encoding   

  12  0:01  Probe  
  13  0:15  Probe  
  14  0:26  Pylon  
  14  0:29  Probe  
  15  0:42  Probe  
  15  0:46  Gateway  
  16  0:50  Probe  
  17  0:58  Probe  
  18  1:10  Probe  
  19  1:22  Probe  
  20  1:29  Assimilator  
  20  1:34  Probe  
  21  1:42  Cybernetics Core  
  21  1:56  Probe  
  22  2:08  Probe  
  23  2:28  Pylon  
  23  2:36  Adept  
  23  2:42  Pylon  
  23  2:46  Probe  
  26  2:55  Warp Gate  
  26  2:58  Probe  
  27  3:10  Adept  
  27  3:15  Assimilator  
  29  3:35  Nexus  
  29  3:37  Stalker  
  31  3:44  Pylon  
  31  3:57  Pylon  
  30  4:12  Pylon  
  30  4:20  Shield Battery  
  26  4:48  Stalker  
  28  4:55  Gateway  
  25  5:39  Stalker  
  27  5:54  Nexus  
  27  5:57  Gateway  
  27  6:00  Gateway  
  27  6:02  Pylon  
  27  6:04  Stalker  
  29  6:17  Pylon  
  29  6:20  Stalker  
  29  6:32  Zealot  
  23  6:48  Zealot  
  25  6:57  Gateway  
  25  7:00  Gateway  
  25  7:03  Zealot  
  25  7:08  Probe  
  27  7:10  Cybernetics Core  
  26  7:16  Probe  
  26  7:17  Zealot  
  27  7:25  Probe  
  17  7:37  Probe  
  18  7:49  Probe  
  19  7:55  Robotics Facility  
  19  7:57  Pylon  
  19  8:00  Pylon  
  19  8:03  Assimilator  
  19  8:06  Pylon  
  19  8:07  Assimilator  
  19  8:10  Adept  
  19  8:11  Adept x3  
  27  8:22  Twilight Council  
  27  8:33  Zealot x4  
  35  8:35  Immortal  
  35  8:39  Probe  
  40  8:51  Probe  
  41  9:03  Probe  
  41  9:07  Adept  
  41  9:08  Adept  
  46  9:15  Probe  
  37  9:24  Zealot x2  
Tags
 
Matchup
PvT
Replay Pack
sc2replays
Spawn Locations
Cross Positions
Add a new tag
Caveats
  • Supply blocks, unpowered buildings, or Contaminate may cause inaccurate times.
  • Supply counts are checked every 10 seconds.